RES
LEICHHARDT LIONS @ RANDWICK GREEN SOX
04/07/2022
 
TOP OF THE 1ST
Leichhardt Lions batting - Pitching for Randwick Green Sox : RHP David Forrest
Pitching: RHP David Forrest
Batting: SHB Robb Deadman 0-0: Called Strike
0-1: Fly out, F7 (Flyball, 7D, EV 109.4 MPH)
Batting: LHB Joba Clifton 0-0: Ball
1-0: Ball
2-0: Foul Ball, location: 7LDF
2-1: Ball
3-1: Called Strike
3-2: Foul Ball, location: 2RF
3-2: Foul Ball, location: 2F
3-2: Strikes out swinging
Batting: LHB Danny Martin 0-0: Called Strike
0-1: Called Strike
0-2: Foul Ball, location: 5SF
0-2: Ball
1-2: Hit by Pitch
Batting: LHB Davin Gilder 0-0: Ball
1-0: Ball
2-0: Ball
3-0: Called Strike
3-1: Base on Balls
Danny Martin to second
Batting: RHB David Halse 0-0: Foul Ball, location: 9LMF
0-1: Ball
1-1: Ground out 4-3 (Groundball, 4, EV 83.8 MPH)
Top of the 1st over - 0 runs, 0 hits, 0 errors, 2 left on base; Leichhardt 0 - Randwick 0
BOTTOM OF THE 1ST
Randwick Green Sox batting - Pitching for Leichhardt Lions : RHP Ed Mumm
Pitching: RHP Ed Mumm
Batting: LHB Rodger Curnow 0-0: Swinging Strike
0-1: SINGLE (Line Drive, 3D, EV 96.9 MPH)
Batting: RHB Art Alderson 0-0: Ball
1-0: Ball
2-0: Foul Ball, location: 9LSF
2-1: Ball
3-1: Called Strike
3-2: Base on Balls
Rodger Curnow to second
Batting: RHB Tony Green 0-0: SINGLE (Groundball, 56S, EV 91.9 MPH)
Rodger Curnow to third
Art Alderson to second
Batting: RHB Bob Ghey 0-0: SINGLE (Groundball, 34D, EV 106.9 MPH)
Rodger Curnow scores
Art Alderson to third
Tony Green to second
Batting: RHB Derik Fahey 0-0: Foul Ball, location: 9LMF
0-1: DOUBLE (Line Drive, 9LM, EV 103.8 MPH)
Art Alderson scores
Tony Green scores
Bob Ghey to third
Batting: LHB Tony Tassell 0-0: Ball
1-0: Ball
2-0: Ball
3-0: Called Strike
3-1: Called Strike
3-2: Base on Balls
Batting: RHB Pete Sherrell 0-0: Ball
1-0: Called Strike
1-1: Ball
2-1: Ball
3-1: Fly out, F3 (Popup, 34, EV 72.5 MPH)
Batting: LHB Colin Firman 0-0: Ball
1-0: Ball
2-0: Ball
3-0: Called Strike
3-1: Base on Balls
Bob Ghey scores
Derik Fahey to third
Tony Tassell to second
Batting: RHB Keefe Lucking 0-0: Ball
1-0: Called Strike
1-1: SINGLE (Line Drive, 6D, EV 102.5 MPH)
Derik Fahey scores
Tony Tassell to third
Colin Firman to second
Batting: LHB Rodger Curnow 0-0: Fielders Choice at 2nd, 4-6 (Groundball, 4, EV 87.5 MPH)
Tony Tassell scores
Colin Firman to third
Batting: RHB Art Alderson 0-0: Ball
1-0: Called Strike
1-1: Ball
2-1: SINGLE (Groundball, 4, EV 105.0 MPH) (infield hit)
Colin Firman scores
Rodger Curnow to second
Pitching: LHP Beau Tuckett
Batting: RHB Tony Green 0-0: Ball
1-0: Ball
2-0: Ball
3-0: Called Strike
3-1: Fielders Choice at 2nd, 5-4 (Groundball, 56, EV 87.5 MPH)
Bottom of the 1st over - 7 runs, 6 hits, 0 errors, 2 left on base; Leichhardt 0 - Randwick 7
TOP OF THE 2ND
Leichhardt Lions batting - Pitching for Randwick Green Sox : RHP David Forrest
Batting: LHB Keegan Goldthorpe 0-0: Called Strike
0-1: Ball
1-1: Foul Ball, location: 2F
1-2: Foul Ball, location: 7LMF
1-2: Ball
2-2: DOUBLE (Line Drive, 89M, EV 110.6 MPH)
Batting: RHB Noel Mayor 0-0: Ball
1-0: Called Strike
1-1: Called Strike
1-2: Ball
2-2: Foul Ball, location: 9LSF
2-2: Strikes out swinging
Batting: SHB Jason Coaker 0-0: Swinging Strike
0-1: Ball
1-1: Ball
2-1: Swinging Strike
2-2: Single, Error in OF, E9, batter to second base (Groundball, 34D, EV 99.4 MPH)
Keegan Goldthorpe scores
Batting: LHB Steve Epton 0-0: Ball
1-0: Ball
2-0: Foul Ball, location: 2F
2-1: Foul Ball, location: 23F
2-2: Foul Ball, location: 2F
2-2: Strikes out swinging
Batting: SHB Robb Deadman 0-0: DOUBLE (Line Drive, 9LD, EV 108.1 MPH)
Jason Coaker scores
Batting: LHB Joba Clifton 0-0: Called Strike
0-1: Foul Ball, location: 7LMF
0-2: Strikes out swinging
Top of the 2nd over - 2 runs, 3 hits, 1 error, 1 left on base; Leichhardt 2 - Randwick 7
BOTTOM OF THE 2ND
Randwick Green Sox batting - Pitching for Leichhardt Lions : LHP Beau Tuckett
Batting: RHB Bob Ghey 0-0: Ball
1-0: Ball
2-0: Called Strike
2-1: Foul Ball, location: 2F
2-2: Ball
3-2: Foul Ball, location: 5F
3-2: Foul Ball, location: 5F
3-2: Base on Balls
Batting: RHB Derik Fahey 0-0: Fly out, F4 (Line Drive, 34, EV 72.5 MPH)
Batting: LHB Tony Tassell 0-0: Foul Ball, location: 2F
0-1: Ball
Bob Ghey is caught stealing 2nd base 2-6
1-1: Called Strike
1-2: Ball
2-2: Foul Ball, location: 2F
2-2: SINGLE (Groundball, 34D, EV 98.8 MPH)
Batting: RHB Pete Sherrell 0-0: Swinging Strike
0-1: Ball
1-1: Ball
2-1: SINGLE (Groundball, 34D, EV 101.3 MPH)
Tony Tassell to second
Throwing error, E9
Tony Tassell scores
Pete Sherrell to second
Batting: LHB Colin Firman 0-0: Ball
1-0: Ball
2-0: Ball
3-0: Called Strike
3-1: Base on Balls
Batting: RHB Keefe Lucking 0-0: Ball
1-0: Called Strike
1-1: DOUBLE (Flyball, 89D, EV 105.0 MPH)
Pete Sherrell scores
Colin Firman to third
Runner from 3rd tries for Home, SAFE, throw by RF to home
Batting: LHB Rodger Curnow 0-0: Called Strike
0-1: Called Strike
0-2: Ball
1-2: DOUBLE (Line Drive, 78D, EV 106.3 MPH)
Keefe Lucking scores
Batting: RHB Art Alderson 0-0: Ball
1-0: Ball
2-0: Foul Ball, location: 2F
2-1: Fly out, F6 (Line Drive, 6, EV 67.5 MPH)
Bottom of the 2nd over - 4 runs, 4 hits, 1 error, 1 left on base; Leichhardt 2 - Randwick 11
TOP OF THE 3RD
Leichhardt Lions batting - Pitching for Randwick Green Sox : RHP David Forrest
Batting: LHB Danny Martin 0-0: Swinging Strike
0-1: Ball
1-1: Ball
2-1: Foul Ball, location: 5F
2-2: Ball
3-2: Ground out 4-3 (Groundball, 4, EV 84.4 MPH)
Batting: LHB Davin Gilder 0-0: Called Strike
0-1: Fly out, F7 (Flyball, 7S, EV 99.4 MPH)
Batting: RHB David Halse 0-0: Ball
1-0: Called Strike
1-1: Ball
2-1: Ball
3-1: Ground out 4-3 (Groundball, 4MD, EV 103.8 MPH)
Top of the 3rd over - 0 runs, 0 hits, 0 errors, 0 left on base; Leichhardt 2 - Randwick 11
BOTTOM OF THE 3RD
Randwick Green Sox batting - Pitching for Leichhardt Lions : LHP Beau Tuckett
Batting: RHB Tony Green 0-0: Called Strike
0-1: Foul Ball, location: 2F
0-2: Ball
1-2: Hit by Pitch
Batting: RHB Bob Ghey 0-0: Ball
1-0: Called Strike
1-1: Called Strike
1-2: DOUBLE (Line Drive, 9LD, EV 97.5 MPH)
Tony Green to third
Batting: RHB Derik Fahey 0-0: Called Strike
0-1: Foul Ball, location: 5DF
0-2: Fly out, F9 (Flyball, 9LM, EV 95.0 MPH)
Runner from 3rd tags up, SCORES, throw by RF
Bob Ghey to third
Pitching: RHP Paul Odling
Batting: LHB Tony Tassell 0-0: Swinging Strike
0-1: Fly out, F9 (Flyball, 9, EV 81.3 MPH)
Runner from 3rd tags up, OUT at HOME! 9-2
Bottom of the 3rd over - 1 run, 1 hit, 0 errors, 0 left on base; Leichhardt 2 - Randwick 12
TOP OF THE 4TH
Leichhardt Lions batting - Pitching for Randwick Green Sox : RHP David Forrest
Batting: LHB Keegan Goldthorpe 0-0: Ball
1-0: SINGLE (Flyball, 56D, EV 90.0 MPH)
Batting: RHB Noel Mayor 0-0: Ball
1-0: Ball
2-0: Foul Ball, location: 9LSF
2-1: Foul Ball, location: 9LMF
2-2: Ball
3-2: Foul Ball, location: 9LSFF
3-2: Foul Ball, location: 2F
3-2: Fielders Choice at 2nd, 1-4 (Groundball, P, EV 70.6 MPH)
Batting: SHB Jason Coaker 0-0: Called Strike
0-1: Grounds into double play, 4-6-3 (Groundball, 4, EV 83.1 MPH)
Top of the 4th over - 0 runs, 1 hit, 0 errors, 0 left on base; Leichhardt 2 - Randwick 12
BOTTOM OF THE 4TH
Randwick Green Sox batting - Pitching for Leichhardt Lions : RHP Paul Odling
Batting: RHB Pete Sherrell 0-0: Ball
1-0: Called Strike
1-1: DOUBLE (Line Drive, 89D, EV 100.6 MPH)
Batting: LHB Colin Firman 0-0: Ball
1-0: SINGLE (Line Drive, 56D, EV 98.8 MPH)
Pete Sherrell to third
Batting: RHB Keefe Lucking 0-0: Ball
1-0: Called Strike
1-1: Fly out, F8 (Flyball, 89D, EV 88.8 MPH)
Runner from 3rd tags up, SCORES, throw by CF
Batting: LHB Rodger Curnow 0-0: Foul Ball, location: 2F
0-1: Foul Ball, location: 7LDF
0-2: Foul Ball, location: 3FF
0-2: Ball
1-2: Ball
2-2: SINGLE (Line Drive, 78S, EV 110.0 MPH)
Colin Firman to second
Runner from 2nd tries for 3rd, SAFE, throw by LF made to third
Batting: RHB Art Alderson 0-0: Ball
1-0: Foul Ball, location: 2F
1-1: SINGLE (Line Drive, 56D, EV 99.4 MPH)
Colin Firman scores
Rodger Curnow to second
Batting: RHB Tony Green 0-0: Ball
1-0: Foul Ball, location: 5DF
1-1: Foul Ball, location: 7LSF
1-2: 3-RUN HOME RUN (Flyball, 7D, EV 96.9 MPH), Distance : 394 ft
Pitching: RHP Rod Raistrick
Batting: RHB Bob Ghey 0-0: Called Strike
0-1: Foul Ball, location: 2F
0-2: Foul Ball, location: 9LMF
0-2: Strikes out looking
Batting: RHB Derik Fahey 0-0: Ball
1-0: SINGLE (Groundball, 4MD, EV 96.3 MPH)
Batting: LHB Tony Tassell 0-0: Ball
1-0: Fly out, F3 (Line Drive, 3L, EV 61.9 MPH)
Bottom of the 4th over - 5 runs, 6 hits, 0 errors, 1 left on base; Leichhardt 2 - Randwick 17
TOP OF THE 5TH
Leichhardt Lions batting - Pitching for Randwick Green Sox : RHP David Forrest
Batting: LHB Steve Epton 0-0: Ball
1-0: Ball
2-0: Called Strike
2-1: Ball
3-1: Foul Ball, location: 5F
3-2: Base on Balls
Batting: SHB Robb Deadman 0-0: Called Strike
Steve Epton is caught stealing 2nd base 2-6
0-1: Foul Ball, location: 2F
0-2: Ball
1-2: Strikes out swinging
Batting: LHB Joba Clifton 0-0: Ball
1-0: Ball
2-0: Foul Ball, location: 3DF
2-1: Ball
3-1: Called Strike
3-2: Base on Balls
Batting: LHB Danny Martin 0-0: Ball
1-0: Ball
Joba Clifton steals 2nd base
2-0: Called Strike
2-1: Ground out 6-3 (Groundball, 6, EV 82.5 MPH)
Top of the 5th over - 0 runs, 0 hits, 0 errors, 1 left on base; Leichhardt 2 - Randwick 17
BOTTOM OF THE 5TH
Randwick Green Sox batting - Pitching for Leichhardt Lions : RHP Rod Raistrick
Batting: RHB Pete Sherrell 0-0: Fly out, F9 (Flyball, 9D, EV 98.1 MPH)
Batting: LHB Colin Firman 0-0: Foul Ball, location: 2F
0-1: Ball
1-1: Foul Ball, location: 7LMF
1-2: Ball
2-2: Strikes out looking
Batting: RHB Keefe Lucking 0-0: Ball
1-0: Foul Ball, location: 25F
1-1: Ball
2-1: Foul Ball, location: 2F
2-2: Ball
3-2: Foul Ball, location: 9LMF
3-2: Strikes out swinging
Bottom of the 5th over - 0 runs, 0 hits, 0 errors, 0 left on base; Leichhardt 2 - Randwick 17
TOP OF THE 6TH
Leichhardt Lions batting - Pitching for Randwick Green Sox : RHP David Forrest
Batting: LHB Davin Gilder 0-0: Ball
1-0: Called Strike
1-1: Called Strike
1-2: Strikes out swinging
Batting: RHB David Halse 0-0: Called Strike
0-1: Fly out, F9 (Flyball, 9LSF, EV 79.4 MPH)
Batting: LHB Keegan Goldthorpe 0-0: Foul Ball, location: 2F
0-1: Ball
1-1: Ball
2-1: Called Strike
2-2: Ball
3-2: Foul Ball, location: 2F
3-2: Base on Balls
Batting: RHB Noel Mayor 0-0: Called Strike
0-1: Ball
1-1: Ball
2-1: Swinging Strike
2-2: Ball
3-2: Foul Ball, location: 7LMF
3-2: Base on Balls
Keegan Goldthorpe to second
Pitching: RHP Keith Gwilt
Batting: SHB Jason Coaker 0-0: Called Strike
0-1: Foul Ball, location: 7LMF
0-2: Strikes out swinging
Top of the 6th over - 0 runs, 0 hits, 0 errors, 2 left on base; Leichhardt 2 - Randwick 17
BOTTOM OF THE 6TH
Randwick Green Sox batting - Pitching for Leichhardt Lions : RHP Rod Raistrick
Batting: LHB Rodger Curnow 0-0: Foul Ball, location: 2F
0-1: Foul Ball, location: 7LMFF
0-2: Ball
1-2: Ball
2-2: Strikes out swinging
Batting: RHB Art Alderson 0-0: Ball
1-0: Ball
2-0: Foul Ball, location: 9LDF
2-1: Fly out, F8 (Flyball, 8RD, EV 105.0 MPH)
Batting: RHB Tony Green 0-0: Ball
1-0: Foul Ball, location: 2F
1-1: Fly out, F3 (Popup, 3F, EV 65.0 MPH)
Bottom of the 6th over - 0 runs, 0 hits, 0 errors, 0 left on base; Leichhardt 2 - Randwick 17
TOP OF THE 7TH
Leichhardt Lions batting - Pitching for Randwick Green Sox : RHP Keith Gwilt
Pinch Hitting: RHB Abe Tofield 0-0: Called Strike
0-1: Foul Ball, location: 5DF
0-2: Ball
1-2: Ball
2-2: Ball
3-2: Fly out, F8 (Flyball, 8LM, EV 90.6 MPH)
Pinch Hitting: SHB Jim Stoneman 0-0: Called Strike
0-1: Foul Ball, location: 5F
0-2: Fly out, F7 (Flyball, 7, EV 80.6 MPH)
Pinch Hitting: RHB Ken Tipping 0-0: Called Strike
0-1: Ball
1-1: SOLO HOME RUN (Flyball, 7D, EV 95.6 MPH), Distance : 375 ft
Batting: LHB Danny Martin 0-0: Swinging Strike
0-1: Fly out, F5 (Popup, 5SF, EV 79.4 MPH)
Top of the 7th over - 1 run, 1 hit, 0 errors, 0 left on base; Leichhardt 3 - Randwick 17
BOTTOM OF THE 7TH
Randwick Green Sox batting - Pitching for Leichhardt Lions : RHP Rod Raistrick
Now at 2B: Jim Stoneman
Now at 3B: David Halse
Now in LF: Ken Tipping
Now in RF: Daron Randull
Batting: RHB Bob Ghey 0-0: Ball
1-0: Called Strike
1-1: Ball
2-1: SOLO HOME RUN (Flyball, 78XD, EV 110.6 MPH), Distance : 443 ft
Pinch Hitting: RHB Luke Morgan 0-0: Called Strike
0-1: Ball
1-1: Ball
2-1: Foul Ball, location: 9LSF
2-2: Ground out 5-3 (Groundball, 56S, EV 78.1 MPH)
Batting: LHB Tony Tassell 0-0: Fly out, F8 (Flyball, 8RD, EV 105.6 MPH)
Batting: RHB Pete Sherrell 0-0: Fly out, F7 (Flyball, 7LM, EV 91.9 MPH)
Bottom of the 7th over - 1 run, 1 hit, 0 errors, 0 left on base; Leichhardt 3 - Randwick 18
TOP OF THE 8TH
Leichhardt Lions batting - Pitching for Randwick Green Sox : RHP Keith Gwilt
Now in LF: Daly Challen
Batting: LHB Davin Gilder 0-0: Ball
1-0: Ball
2-0: Ball
3-0: Called Strike
3-1: Called Strike
3-2: Strikes out looking
Pinch Hitting: RHB Kel Hackworth 0-0: Fly out, F6 (Line Drive, 6, EV 65.0 MPH)
Pinch Hitting: RHB Corkie Madsen 0-0: Ball
1-0: Ground out 4-3 (Groundball, 4, EV 83.1 MPH)
Top of the 8th over - 0 runs, 0 hits, 0 errors, 0 left on base; Leichhardt 3 - Randwick 18
BOTTOM OF THE 8TH
Randwick Green Sox batting - Pitching for Leichhardt Lions : RHP Rod Raistrick
Now at 1B: Daron Randull
Now at 3B: Kel Hackworth
Now in RF: Stan Cook
Batting: LHB Colin Firman 0-0: Foul Ball, location: 2F
0-1: Foul Ball, location: 5SF
0-2: Ball
1-2: Ball
2-2: Strikes out swinging
Batting: RHB Keefe Lucking 0-0: Ball
1-0: Foul Ball, location: 9LMF
1-1: Ball
2-1: Fly out, F8 (Flyball, 8LXD, EV 100.0 MPH)
Batting: LHB Rodger Curnow 0-0: Ball
1-0: Ball
2-0: Foul Ball, location: 2F
2-1: Foul Ball, location: 7LSF
2-2: Foul Ball, location: 7LSF
2-2: Ball
3-2: Fly out, F8 (Flyball, 78D, EV 78.1 MPH)
Bottom of the 8th over - 0 runs, 0 hits, 0 errors, 0 left on base; Leichhardt 3 - Randwick 18
TOP OF THE 9TH
Leichhardt Lions batting - Pitching for Randwick Green Sox : RHP Keith Gwilt
Batting: RHB Noel Mayor 0-0: Ball
1-0: Ground out 3-1 (Groundball, 34S, EV 99.4 MPH)
Pitching: RHP Billy Catlow
Pinch Hitting: RHB Des Brewster 0-0: Ball
1-0: Swinging Strike
1-1: Foul Ball, location: 2F
1-2: Fly out, F9 (Line Drive, 9S, EV 96.9 MPH)
Batting: SHB Daron Randull 0-0: Called Strike
0-1: Fly out, F8 (Flyball, 8RS, EV 86.3 MPH)
Top of the 9th over - 0 runs, 0 hits, 0 errors, 0 left on base; Leichhardt 3 - Randwick 18
Monday, April 22nd , 2024 - OOTP Baseball 24.9 Build 80